 Dungeon Crawl Stone Soup version 0.27-a0-972-gd1521fd (webtiles) character file.

Game seed: 17015683478814161723

234 ChiliFlavouring the Bolt Thrower (level 6, 0/38 HPs)
             Began as a Kobold Hunter on Apr 13, 2021.
             Killed by nerve-wracking pain
             ... invoked by Grinder
              (12 damage)
             ... on level 4 of the Dungeon.
             The game lasted 00:06:32 (3747 turns).

ChiliFlavouring the Bolt Thrower (Kobold Hunter)    Turns: 3747, Time: 00:06:33

Health: 0/38       AC:  4    Str:  9    XL:     6   Next: 26%
Magic:  6/6        EV: 15    Int: 12    God:
Gold:   171        SH:  0    Dex: 18    Spells: 5/5 levels left

rFire    . . .     SeeInvis .   a - +1 hand crossbow
rCold    . . .     Faith    .   (shield restricted)
rNeg     . . .     Spirit   .   c - +0 leather armour
rPois    .         Reflect  .   f - +1 hat
rElec    .         Harm     .   (no cloak)
rCorr    .         Rampage  .   (no gloves)
Will     .....                  (no boots)
Stlth    ++++......             (no amulet)
HPRegen  0.12/turn              (no ring)
MPRegen  0.10/turn              (no ring)

@: no status effects
A: small, no large weapons, nightstalker 3
a: no special abilities


You were on level 4 of the Dungeon.
You visited 1 branch of the dungeon, and saw 4 of its levels.

You collected 171 gold pieces.

Inventory:

Hand Weapons
 a - a +1 hand crossbow (weapon)
 b - a +0 short sword
Missiles
 d - 46 bolts (quivered ammo)
 j - 2 boomerangs of dispersal
Armour
 c - a +0 leather armour (worn)
 f - a +1 hat (worn)
Jewellery
 p - an amulet of magic regeneration
Scrolls
 g - 2 scrolls of fog {unknown}
 i - 2 scrolls of amnesia {unknown}
 l - 7 scrolls of identify {unknown}
 n - a scroll of vulnerability {unknown}
 o - a scroll of torment {unknown}
 q - 2 scrolls of magic mapping {unknown}
 r - a scroll of noise {unknown}
Potions
 e - 3 potions of brilliance {unknown}
 h - a potion of might {unknown}
 k - 2 potions of attraction {unknown}
 m - 2 potions of cancellation {unknown}
 s - a potion of lignification {unknown}
 t - a potion of mutation {unknown}


   Skills:
 + Level 3.8 Fighting
 + Level 5.9 Crossbows
 + Level 4.1 Dodging
 + Level 4.2 Stealth


You had 5 spell levels left.
You didn't know any spells.
Your spell library was empty.

Dungeon Overview and Level Annotations

Branches:
Dungeon (4/15)
 Temple: D:4-7

Altars:
Ru

Annotations:
D:4 Grinder


Innate Abilities, Weirdness & Mutations

You are small and have problems with some larger weapons.
You are completely attuned to the shadows.


Message History

You see here 25 arrows.
d - 52 bolts (gained 17)
Found a stone staircase leading down.
k - 2 viscous dark potions (gained 1)
There is a stone staircase leading down here.
Found a stone staircase leading down.
Found a stone staircase leading up.
You now have 171 gold pieces (gained 12).
A quokka comes into view.
You shoot a bolt. The bolt hits the quokka.
You kill the quokka!
d - 52 bolts (gained 1)
You see here a quokka corpse.
Grinder comes into view.
You shoot a bolt.
The bolt hits Grinder but does no damage.
Grinder shouts!
You shoot a bolt. The bolt hits Grinder!
Grinder is moderately wounded.
Grinder gestures at you. Pain shoots through your body!
You shoot a bolt. The bolt hits Grinder.
Grinder is moderately wounded.
Grinder blinks!
You shoot a bolt. The bolt hits Grinder!
Grinder is heavily wounded.
You shoot a bolt. The bolt hits Grinder!
Grinder is almost dead.
Grinder hits you.
You writhe in agony.
You shoot a bolt. The bolt hits Grinder.
Grinder is almost dead.
Grinder hits you but does no damage. Grinder gestures at you.
Pain shoots through your body!
* * * LOW HITPOINT WARNING * * *
Grinder gestures at you. You resist with significant effort.
Grinder gestures at you. Pain shoots through your body!
You die...

§≈§.....###### #..#
........# #..# ......# #..#
##################.. #####
##..........#. #...#
#...........#. #...#
#...........#.
#####..(#######...........##
((..(...5..@..#...........#
#####...#####.#...........#
#########.#...........#
........†.........#
#####.#...........#
#.#.########.## #.### #.#
..# #.# #.#


You could see Grinder.

Vanquished Creatures
  A sky beast (D:4)
  An orc wizard (D:4)
  3 adders
  A worm (D:4)
  3 orcs
  10 ball pythons
  9 bats
  9 endoplasms
  4 giant cockroaches
  5 goblins
  11 hobgoblins
  4 jackals (D:2)
  A quokka (D:4)
  5 frilled lizards
  4 kobolds
  10 rats
81 creatures vanquished.

Notes
Turn   | Place    | Note
-------+----------+-------------------------------------------
     0 | D:1      | ChiliFlavouring the Kobold Hunter began the quest for the
                  | Orb.
     0 | D:1      | Reached XP level 1. HP: 12/12 MP: 1/1
    93 | D:1      | Reached XP level 2. HP: 18/18 MP: 2/2
   103 | D:1      | Reached skill level 5 in Crossbows
   220 | D:1      | Reached XP level 3. HP: 22/22 MP: 3/3
   932 | D:2      | Found a sacrificial altar of Ru.
   989 | D:2      | Found a faded altar of an unknown god.
  1129 | D:2      | Reached XP level 4. HP: 24/27 MP: 4/4
  2907 | D:4      | Noticed a sky beast
  2935 | D:4      | Killed a sky beast
  2936 | D:4      | Reached XP level 5. HP: 4/32 MP: 5/5
  3119 | D:4      | Reached XP level 6. HP: 27/38 MP: 6/6
  3734 | D:4      | Noticed Grinder
  3747 | D:4      | Killed from afar by Grinder

Illustrated notes

Levels and vault maps discovered:
D:1:      minmay_arrival_jagged, layout_basic
D:2:      layout_loops_corners, basic_altar, ebering_ecumenical_altar_box
D:3:      layout_loops_ring, kennysheep_cluttered_room
D:4:      layout_basic, kennysheep_boxes, uniq_grinder

Skill      XL: |  1  2  3  4  5  6 |
---------------+-------------------+-----
Crossbows      | 5 |  5.9
Stealth        | 2 3 4 |  4.2
Dodging        | 3 4 |  4.1
Fighting       | 3 |  3.8

Action                   |  1- 3 |  4- 6 || total
-------------------------+-------+-------++-------
 Fire: Hand crossbow     |    82 |    95 ||   177
Armor: Leather armour    |     4 |     8 ||    12
Dodge: Dodged            |    16 |    17 ||    33

Table legend: (Time is in decaauts)
 A = Elapsed time spent in this place.
 B = Non-inter-level travel time spent in this place.
 C = Inter-level travel time spent in this place.
 D = Time resting spent in this place.
 E = Time spent auto-exploring this place.
 F = Levels seen in this place.
 G = Mean time per level.
                   A        B        C        D        E       F      G
               +--------+--------+--------+--------+--------+-----+--------+
         Total |   3788 |   3740 |     48 |    179 |   3119 |   4 |  947.0 |
       Dungeon |   3788 |   3740 |     48 |    179 |   3119 |   4 |  947.0 |
               +--------+--------+--------+--------+--------+-----+--------+

Top non-repeatable levels by time:
     D:2: 1178 daAuts
     D:4: 1043 daAuts
     D:1: 800 daAuts
     D:3: 766 daAuts
